 Dungeon Crawl Stone Soup version 0.24.0-123-gd5b16e6ec5 (webtiles) character file.

Game seed: 693092525621016397, levelgen mode: deterministic

112 Alfie the Chopper (level 4, 0/40 HPs)
             Began as a Hill Orc Fighter on Jan 13, 2020.
             Slain by an orc wizard
             ... wielding a +0 dagger
              (2 damage)
             ... on level 3 of the Dungeon.
             The game lasted 00:03:13 (682 turns).

Alfie the Chopper (Hill Orc Fighter)                 Turns: 682, Time: 00:03:14

Health: 0/40       AC:  7    Str: 19    XL:     4   Next: 95%
Magic:  4/4        EV:  7    Int:  8    God:
Gold:   51         SH:  9    Dex: 10    Spells: 3/3 levels left

rFire    . . .     SeeInvis .   a - +0 war axe
rCold    . . .     Gourm    .   c - +0 shield
rNeg     . . .     Faith    .   b - +0 scale mail
rPois    .         Spirit   .   (no helmet)
rElec    .         Reflect  .   (no cloak)
rCorr    .         Harm     .   (no gloves)
MR       .....                  (no boots)
Stlth    ..........             (no amulet)
HPRegen  0.13/turn              (no ring)
MPRegen  0.09/turn              (no ring)

@: lethally poisoned (0 -> -2)
A: no striking features
a: no special abilities


You were on level 3 of the Dungeon.
You were not hungry.

You visited 1 branch of the dungeon, and saw 4 of its levels.

You collected 51 gold pieces.

Inventory:

Hand Weapons
 a - a +0 war axe (weapon)
Armour
 b - a +0 scale mail (worn)
 c - a +0 shield (worn)
Jewellery
 h - an uncursed ring of see invisible {unknown}
Scrolls
 e - a scroll of magic mapping {unknown}
 g - a scroll of immolation {unknown}
 j - a scroll of teleportation {unknown}
Potions
 d - a potion of might
 i - a potion of haste {unknown}
Comestibles
 f - 3 rations


   Skills:
 + Level 4.2 Fighting
 + Level 4.4 Axes
 + Level 4.0 Armour
 + Level 0.3 Dodging
 + Level 0.3 Stealth
 + Level 3.9 Shields


You had 3 spell levels left.
You didn't know any spells.
Your spell library was empty.

Dungeon Overview and Level Annotations

Branches:
Dungeon (4/15)
 Temple: D:4-7

Altars:


Message History

The orc wizard gestures at you while chanting.
The magic dart hits you.
* * * LOW HITPOINT WARNING * * *
You closely miss the orc wizard.
You feel sick.
The orc wizard hits you but does no damage. x2
The orc wizard gestures at you while chanting.
The magic dart hits you!
* * * LOW HITPOINT WARNING * * *
You hit the orc wizard.
The orc wizard is lightly wounded.
The orc wizard casts a spell.
The orc wizard blinks!
You block the orc wizard's attack. You block the worm's attack.
You hit the worm.
The worm is moderately wounded.
You closely miss the orc wizard.
* * * LOW HITPOINT WARNING * * *
You feel sick. You block the orc wizard's attack.
The orc wizard hits you with a +0 dagger.
You die...

##+#######
#....??...
#.........
#########o........
...%.!..@w>......w
.....#####.#......
... .......#. #
...#.##.# ##..#..%
.. #..# ##. . #...
. ....


You could see a worm and an orc wizard.

Vanquished Creatures
  2 worker ants
  2 adders (D:2)
  An ooze (D:2)
  A worm (D:2)
  A leopard gecko (D:1)
  4 ball pythons (D:1)
  A giant cockroach (D:1)
  5 goblins (D:1)
  3 hobgoblins
  4 jackals
  6 bats
  A frilled lizard (D:1)
  5 kobolds
  3 rats
39 creatures vanquished.

Notes
Turn   | Place    | Note
-------+----------+-------------------------------------------
     0 | D:1      | Alfie the Hill Orc Fighter began the quest for the Orb.
     0 | D:1      | Reached XP level 1. HP: 19/19 MP: 1/1
    71 | D:1      | Reached XP level 2. HP: 14/27 MP: 2/2
   309 | D:1      | Reached XP level 3. HP: 21/33 MP: 3/3
   560 | D:2      | Reached XP level 4. HP: 31/40 MP: 4/4
   641 | D:2      | You fall into a shaft and drop 2 floors!
   679 | D:3      | HP: 2/40 [orc wizard/magic dart (9)]
   682 | D:3      | Slain by an orc wizard

Levels and vault maps discovered:
D:1:      dpeg_arrival_houses_and_road, layout_rooms,
          chequers_serial_rivers_marsh, minmay_shallow_snake_nest
D:2:      layout_rooms, okawaru_trees_1
D:3:      layout_basic, dancing_weapons_uskayaw, led_sif_book, uniq_jessica,
          uniq_grinder, uniq_natasha
D:4:      layout_gridville, overflow_temple_1_default, kennysheep_little_box,
          hangedman_decor_lopped, uniq_robin

Skill      XL: |  1  2  3  4 |
---------------+-------------+-----
Fighting       | 4 |  4.2
Axes           | 3 4 |  4.4
Armour         | 4 |  4.0
Dodging        | |  0.3
Stealth        | |  0.3
Shields        | |  3.9

Action                   |  1- 3 |  4- 6 || total
-------------------------+-------+-------++-------
Melee: War axe           |   120 |    21 ||   141
  Use: Scroll            |       |     1 ||     1
Armor: Scale mail        |    66 |     9 ||    75
Dodge: Dodged            |    46 |     5 ||    51
Block: Shield            |    80 |    14 ||    94
